[Event "*** SCC Grand Prix: Titled Tuesday Blitz"]
[Site "Chess.com"]
[Date "2020.08.04"]
[Round "10"]
[White "tptagain"]
[Black "1stSecond"]
[Result "1-0"]
[WhiteElo "2942"]
[BlackElo "2855"]
[TimeControl "180+1"]
[EndTime "15:39:16 PDT"]
[Termination "tptagain won by resignation"]

1. Nf3 Nf6 2. d4 d5 3. e3 c5 4.
dxc5 e6 5. c4 Bxc5 6. a3 a5 7.
Nc3 O-O 8. Be2 Nc6 9. O-O d4 10. exd4 Nxd4 11. Nxd4 Qxd4 12. Qxd4 Bxd4 13. Rd1 Bxc3 14.
bxc3 Ne4 15. Bf3 Nxc3 16. Rd3 Na4 17. Be3 e5 18. Rb3 Be6 19. Rxb7 Bxc4 20. Rc1 Rac8 21.
Ra7 Bb3 22. Rxc8 Rxc8 23. Rxa5 f6 24. h4 Nc3 25. Rc5 Rxc5 26. Bxc5 e4 27. Bg4 Kf7 28.
Bb4 Nd5 29. Bd2 g6 30. g3 f5 31. Be2 Ke6 32. Bb5 Nb6 33. Be3 Na4 34. Kf1 Nc3 35. Ba6 Kd5 36. Ke1 Nb1 37. Bc1 Nc3 38. Kd2 Na4 39.
Ke3 Nc5 40. Be2 Ne6 41. Bb2 h6 42. Kd2 g5 43. h5 f4 44. gxf4 gxf4 45. Bf6 Nd4 46.
Bg4 Ba4 47. Bg7 Nf3+ 48. Kc3 Ne5 49. Be2 f3 50. Ba6 Ng4 51. Bc4+ Kd6 52. Bd4 Be8 53. Kd2 Bxh5 54. a4 Be8 55. a5 Ne5 56. Bf1 Bf7 57.
Ke3 Kd5 58. Bxe5 Kxe5 59. a6 Bd5 60. a7 h5 61. Bh3 h4 62. Bc8 Ba8 63. Bh3 Kd5 64.
Kf4 Kd4 65. Bf1 Kc3 66. Ke3 Kc2 67. Bh3 Kd1 68. Bf5 Ke1 69. Bxe4 h3 70. Bxa8 h2 71. Bxf3 h1=Q 72. Bxh1 1-0

[Event "*** SCC Grand Prix: Titled Tuesday Blitz"]
[Site "Chess.com"]
[Date "2020.08.04"]
[Round "10"]
[White "KarstenHansch"]
[Black "AJSC02"]
[Result "1/2-1/2"]
[WhiteElo "2403"]
[BlackElo "2275"]
[TimeControl "180+1"]
[EndTime "15:39:20 PDT"]
[Termination "Game drawn by repetition"]

1. e4 c5 2. Nf3 Nc6 3. Bb5 Nf6 4. e5 Nd5 5. O-O Nc7 6. Bxc6 dxc6 7. h3 Bf5 8. d3 h6 9. Nbd2 e6 10. Nc4 Nb5 11. a4 Nd4 12. Nxd4 cxd4 13. g4 Bg6 14. f4 h5 15. f5 Bh7 16. Qf3 hxg4 17. hxg4 Qd5 18.
Qxd5 cxd5 19. Nd2 Rc8 20. Nb3 Rxc2 21. Nxd4 Bc5 22. Be3 Rxb2 23. Rfc1 b6 24. a5 Kd7 25. axb6 Bxb6 26. Ra4 exf5 27. gxf5 Bg8 28. Nc2 Rxc2 29. Rxc2 Bxe3+ 30. Kg2 Rh5 31. d4 Rxf5 32. Rxa7+ Kd8 33. Ra8+ Kd7 34. Ra7+ Kd8 35. Ra8+ Kd7 36. Rxg8 Bxd4 37. Rxg7 Bxe5 38. Rg8 Ke6 39. Re8+ Kf6 40. Rc6+ Kg7 41. Rd8 d4 42. Rc5 f6 43. Rcd5 Rg5+ 44.
Kf3 Kf7 45. R5d7+ Ke6 46. Ke4 Rg4+ 47. Kd3 Kf5 48. Rf8 Rg3+ 49. Ke2 Ke4 50. Rh7 Rg2+ 51. Kf1 Ra2 52. Rh4+ Kd3 53. Rh3+ Kc4 54. Rc8+ Kd5 55. Rd8+ Ke4 56. Rh4+ Bf4 57. Rxd4+ Kxd4 58. Rxf4+ Ke5 59. Rb4 f5 60. Ke1 f4 61. Kf1 Kf5 62. Rb3 Kg4 63. Kg1 f3 64. Rb8 Kg3 65. Rg8+ Kf4 66. Rf8+ Ke3 67.
Re8+ Kd4 68. Rd8+ Ke4 69. Re8+ Kf5 70. Rf8+ Kg4 71. Rg8+ Kf4 72. Rf8+ Ke3 73. Re8+ Kd4 74. Rd8+ Ke3 75. Re8+ 1/2-1/2

[Event "*** SCC Grand Prix: Titled Tuesday Blitz"]
[Site "Chess.com"]
[Date "2020.08.04"]
[Round "10"]
[White "Grandmaster2B"]
[Black "GianmarcoVaR"]
[Result "1-0"]
[WhiteElo "2408"]
[BlackElo "2444"]
[TimeControl "180+1"]
[EndTime "15:39:23 PDT"]
[Termination "Grandmaster2B won by resignation"]

1. e4 c6 2. d4 d5 3. Nd2 dxe4 4. Nxe4 Bf5 5. Ng3 Bg6 6. h4 h6 7. Nf3 Nd7 8. h5 Bh7 9. Bd3 Bxd3 10. Qxd3 e6 11.
Bd2 Ngf6 12. O-O-O Be7 13. Ne4 Nxe4 14. Qxe4 Nf6 15. Qe2 Qd5 16. c4 Qe4 17. Qxe4 Nxe4 18. Be3 Rd8 19. Nd2 Nd6 20. Kc2 Nf5 21. Nf3 c5 22. g4 cxd4 23. Bxd4 Nxd4+ 24. Nxd4 Bc5 25. Kc3 Ke7 26. b4 Bxd4+ 27. Rxd4 Rxd4 28. Kxd4 Rd8+ 29. Ke3 e5 30. f3 Ke6 31. Rc1 Rd4 32. c5 Rxb4 33. c6 bxc6 34. Rxc6+ Kd7 35. Ra6 Rb7 36. Ke4 f6 37. f4 Rb4+ 38. Ke3 exf4+ 39. Kf3 Ke7 40.
Rxa7+ Kf8 41. a4 Kg8 42. a5 Kh7 43. a6 Ra4 44. Ra8 Rc4 45. a7 Ra4 46. Kf2 Ra3 47. Kg2 Rg3+ 48. Kf2 Ra3 49. Ke2 f5 50. gxf5 Ra5 51.
Kf3 Ra4 52. Kg4 f3+ 53. Kxf3 Ra3+ 54. Kf4 Ra4+ 55. Ke5 Ra5+ 56. Ke6 Ra6+ 57. Ke7 Ra1 58. f6 gxf6 59. Kxf6 Ra6+ 60. Ke7 Ra5 61. Kd6 Ra6+ 62. Kd5 Ra1 63. Kc4 Rc1+ 64. Kb3 Ra1 65. Kb2 Ra6 66.
Kc3 Ra5 67. Kb4 Ra6 68. Kb5 Ra1 69. Kc6 Ra5 70. Kb6 Rxa7 71. Rxa7+ Kh8 72. Kc6 Kg8 73. Kd5 Kh8 74. Ke5 Kg8 75. Kf5 Kh8 76. Kg6 1-0

[Event "*** SCC Grand Prix: Titled Tuesday Blitz"]
[Site "Chess.com"]
[Date "2020.08.04"]
[Round "10"]
[White "BlackBoarder"]
[Black "MF1966Idrisov"]
[Result "0-1"]
[WhiteElo "2548"]
[BlackElo "2380"]
[TimeControl "180+1"]
[EndTime "15:39:37 PDT"]
[Termination "MF1966Idrisov won by checkmate"]

1. e4 c6 2. Nf3 d5 3. Nc3 dxe4 4.
Nxe4 Nd7 5. Bc4 e6 6. Qe2 Nb6 7. Bb3 Nf6 8. Neg5 h6 9. Nxf7 Kxf7 10. Ne5+ Kg8 11. Ng6 Kh7 12. Nxh8 Kxh8 13. O-O Nbd5 14. d4 b5 15. Re1 Bd6 16. h3 Bd7 17. a4 a6 18. c3 Qf8 19. Bc2 Ne7 20. Qf3 Nf5 21. Bf4 Bxf4 22. Qxf4 Qd6 23. Re5 Nd5 24. Qe4 Rf8 25. g4 Nf6 26. Qd3 Ne7 27. axb5 cxb5 28. Rf1 Nc6 29. Re3 Be8 30. f4 Ne7 31. g5 Bg6 32. Qe2 Nfd5 33. Rxe6 Nxf4 34. Rxd6 Nxe2+ 35. Kg2 Rxf1 36. Kxf1 Ng3+ 37. Kg2 Bxc2 38. Rd8+ Kh7 39. Kxg3 hxg5 40. d5 Kg6 41. d6 Nf5+ 42. Kf3 Kf6 43.
Ra8 Ke6 44. Rxa6 Nxd6 45. Ra7 g6 46. Ke3 Bf5 47. Kd4 Bxh3 48. Kc5 Nf5 49. Kxb5 g4 50. Ra6+ Kf7 51. c4 g3 52. c5 g2 53. Ra1 Nd4+ 54.
Kb6 Ne2 55. c6 g1=Q+ 56. Rxg1 Nxg1 57. b4 Ne2 58. Kc7 Nc3 59. Kd6 Kf6 60. Kc5 g5 61. Kc4 Na4 62. b5 Ke6 63. Kb4 Nb6 64. Kc5 Nc8 65. b6 Nxb6 66. Kxb6 Ke5 67. c7 Be6 68. Kc6 g4 69. c8=Q Bxc8 70. Kc7 g3 71. Kd8 g2 72.
Ke7 g1=Q 73. Kd8 Qa7 74. Kxc8 Kd6 75. Kd8 Qd7# 0-1

[Event "*** SCC Grand Prix: Titled Tuesday Blitz"]
[Site "Chess.com"]
[Date "2020.08.04"]
[Round "10"]
[White "SamuelGhimpu2003"]
[Black "effefe"]
[Result "1-0"]
[WhiteElo "2560"]
[BlackElo "2188"]
[TimeControl "180+1"]
[EndTime "15:39:38 PDT"]
[Termination "SamuelGhimpu2003 won on time"]

1. e4 c5 2. Nf3 d6 3. d4 cxd4 4. Nxd4 Nf6 5. Nc3 g6 6. Bc4 Bg7 7. Bb3 O-O 8. f3 Nc6 9. Be3 Bd7 10. Qd2 Na5 11. O-O-O Rc8 12. Kb1 Nc4 13. Bxc4 Rxc4 14. g4 b5 15. b3 Rc8 16. Ndxb5 Qa5 17. a4 a6 18. Nd5 Qxd2 19. Nxe7+ Kh8 20. Rxd2 axb5 21.
Nxc8 Rxc8 22. a5 Ne8 23. a6 Bc3 24. Rd3 Bb4 25. Kb2 Ra8 26. c3 Ba5 27. a7 Be6 28. Rhd1 Kg8 29. Rxd6 Nxd6 30. Rxd6 Bc7 31. Rc6 Bxh2 32.
f4 Bxg4 33. Rb6 Bxf4 34. Bxf4 Rxa7 35. Bh6 f5 36. e5 Kf7 37. Rxb5 Ke6 38. c4 Rd7 39. Kc3 Rd1 40. Bf4 Rf1 41. Rb6+ Kd7 42.
Rd6+ Ke8 43. Bg5 f4 44. e6 Rf3+ 45. Kd4 Bxe6 46. Rxe6+ Kf7 47. Rf6+ Kg7 48. b4 Rb3 49. b5 h6 50. Rxf4 hxg5 51. Rf2 g4 52. Kc5 g3 53.
Rg2 Kf6 54. b6 Kf5 55. Kc6 Kf4 56. c5 g5 57. b7 g4 58. Kc7 Kf3 59. Rc2 g2 60.
Rc1 Kf2 61. b8=Q Rxb8 62. Kxb8 g1=Q 63. Rxg1 Kxg1 64. c6 g3 65. c7 g2 66. c8=Q Kh1 67.
Qh3+ Kg1 68. Kc7 Kf2 69. Qf5+ Kg3 70. Qg5+ Kf2 71. Qf4+ Ke1 72. Qg3+ Kf1 73. Qf3+ Kg1 74. Kd6 Kh2 75. Qh5+ Kg3 76. Qg5+ Kh3 77. Ke5 Kh2 78. Qh4+ Kg1 79. Ke4 Kf1 80. Qf4+ 1-0

[Event "*** SCC Grand Prix: Titled Tuesday Blitz"]
[Site "Chess.com"]
[Date "2020.08.04"]
[Round "10"]
[White "shnitez"]
[Black "Rodalquilar"]
[Result "1-0"]
[WhiteElo "2489"]
[BlackElo "2623"]
[TimeControl "180+1"]
[EndTime "15:40:01 PDT"]
[Termination "shnitez won on time"]

1. c4 d6 2. Nf3 f5 3. Nc3 Nf6 4. d4 g6 5. b4 e5 6. Bb2 e4 7.
Ng1 d5 8. c5 e3 9. fxe3 Ng4 10.
Qd3 Bh6 11. Bc1 Qe7 12. Nxd5 Qf7 13. e4 Bxc1 14. Rxc1 fxe4 15. Qxe4+ Kd8 16. Nf4 c6 17. d5 Bf5 18. Qd4 Re8 19. dxc6+ Kc8 20. cxb7+ Qxb7 21. c6 Qb6 22. Qxb6 axb6 23. Nd5 Rxa2 24. Nxb6+ Kc7 25.
Nd5+ Kd6 26. Nc3 Rb2 27. b5 Ne3 28. Nf3 Bd3 29. Kf2 Bxb5 30. Nxb5+ Rxb5 31. c7 Nc6 32.
c8=Q Rxc8 33. Kxe3 g5 34. h3 h5 35. g4 Rf8 36. gxh5 Rb3+ 37. Kf2 Ne5 38. Bg2 g4 39. hxg4 Nxg4+ 40. Kg3 Ne3 41. Rhd1+ Ke7 42. Rd3 Rg8+ 43. Kf2 Rxd3 44. exd3 Nxg2 45. Rg1 Rh8 46. Rxg2 Rxh5 47. Ke3 Ra5 48. Re2 Ra1 49. Nd4 Kd6 50. Nc2 Ra8 51.
Kd2 Ra2 52. Kc3 Ra8 53. Ne3 Rc8+ 54. Nc4+ Kd5 55. Re4 Rf8 56. Re5+ Kc6 57. Rh5 Rf1 58. Ne5+ Kd5 59. Nc4+ Kc6 60. Kd4 Rf4+ 61. Ke3 Rf1 62. d4 Re1+ 63. Kd2 Rg1 64. Ne3 Ra1 65. Rh6+ Kb5 66.
Kd3 Ra3+ 67. Ke4 Ra8 68. d5 Re8+ 69. Kd4 Ra8 70. Nf5 Ra4+ 71. Ke5 Ra1 72. Nd4+ Kc5 73. Rc6+ Kb4 74. Rc2 Re1+ 75. Ne2 Kb3 76. Rd2 Kc4 77. d6 Rh1 78. d7 Rh5+ 79. Ke4 Rh4+ 80. Nf4 Rh8 81.
d8=Q Rxd8 82. Rxd8 1-0

[Event "*** SCC Grand Prix: Titled Tuesday Blitz"]
[Site "Chess.com"]
[Date "2020.08.04"]
[Round "10"]
[White "mapleaff"]
[Black "BJthechessgod"]
[Result "0-1"]
[WhiteElo "2368"]
[BlackElo "2282"]
[TimeControl "180+1"]
[EndTime "15:40:01 PDT"]
[Termination "BJthechessgod won by checkmate"]

1. d4 Nf6 2. c4 e6 3. Nf3 d5 4.
Nc3 c6 5. Bg5 Nbd7 6. e3 Be7 7.
Be2 O-O 8. O-O dxc4 9. Bxc4 b5 10. Bd3 a6 11. Rc1 c5 12. Bb1 Bb7 13. Qc2 Rc8 14.
Qe2 h6 15. Bh4 cxd4 16. Nxd4 Nb6 17. Qd3 g6 18. Qe2 Nfd5 19. Bxe7 Qxe7 20. Nxd5 Nxd5 21.
Rxc8 Rxc8 22. Qg4 Kg7 23. h4 h5 24. Qg3 Qc7 25. Qg5 Qe7 26. Qg3 Qc7 27. f4 Nf6 28.
Bxg6 Kf8 29. Bd3 Be4 30. Bxe4 Nxe4 31. Qf3 Nd2 32. Qxh5 Nxf1 33. Kxf1 Qc1+ 34. Kf2 Qxb2+ 35. Kg3 Qc3 36. Qe5 Rc5 37. Qe4 Qe1+ 38. Kh3 Qh1+ 39. Kg3 Qe1+ 40. Kh3 Rh5 41. g3 Qf1+ 42. Kh2 Qf2+ 43.
Kh3 Qxa2 44. f5 Qd5 45. Qg4 Rxf5 46. Qe2 Rf6 47. Qc2 Kg7 48. Qe2 Qc4 49. Qg4+ Rg6 50.
Qf4 Qc8 51. Qe5+ Kh7 52. Qh5+ Kg7 53. Qe5+ Kg8 54. h5 Rh6 55. g4 Qc1 56. Qg5+ Kh7 57.
Nxe6 Qh1+ 58. Kg3 Qg1+ 59. Kh3 Qf1+ 60. Kg3 fxe6 61. Qe7+ Kg8 62. Qe8+ Qf8 63. Qxe6+ Rxe6 64. e4 Rxe4 65. h6 Rxg4+ 66. Kxg4 Qxh6 67. Kf5 a5 68. Kg4 b4 69. Kf5 a4 70. Kg4 a3 71.
Kf5 b3 72. Kg4 b2 73. Kf5 a2 74. Kg4 a1=B 75. Kf3 b1=B 76. Kg4 Bf6 77. Kf3 Qh4 78. Kg2 Be4+ 79. Kf1 Qh2 80. Ke1 Bh4+ 81. Kd1 Bf3+ 82. Kc1 Bg5+ 83. Kb1 Be4+ 84. Ka1 Bf6# 0-1

[Event "*** SCC Grand Prix: Titled Tuesday Blitz"]
[Site "Chess.com"]
[Date "2020.08.04"]
[Round "10"]
[White "OK97"]
[Black "Fighter008"]
[Result "1/2-1/2"]
[WhiteElo "2801"]
[BlackElo "2641"]
[TimeControl "180+1"]
[EndTime "15:40:13 PDT"]
[Termination "Game drawn - insufficient material"]

1. Nf3 Nf6 2. g3 g6 3. b3 Bg7 4.
Bb2 d6 5. d4 O-O 6. Bg2 a5 7.
a4 e5 8. dxe5 Nfd7 9. Nc3 dxe5 10.
Qc1 Na6 11. O-O Nb4 12. Rd1 Qe7 13. Nd2 Nc5 14. Ba3 c6 15. Nde4 Bf5 16. Nxc5 Qxc5 17.
Ne4 Qxc2 18. Qxc2 Nxc2 19. Bxf8 Kxf8 20. Rab1 Nd4 21. Rb2 Bxe4 22. Bxe4 f5 23. Bg2 e4 24. Kf1 Ke7 25. b4 Ne6 26. Rbb1 axb4 27. Rxb4 Nc5 28. f3 Rxa4 29. Rxa4 Nxa4 30. fxe4 fxe4 31. Rb1 Nc5 32. Ke1 b5 33. Kd1 Kd6 34. Kc2 Ke5 35.
Rf1 Bf6 36. Bh3 Na6 37. Rd1 Nb4+ 38. Kb3 Nd5 39. Bd7 Kd6 40. Be8 b4 41. Bf7 Kc5 42. Bg8 h6 43. Rf1 Be5 44. Bf7 Nc3 45. Bxg6 Nxe2 46. Bxe4 Nd4+ 47. Ka4 Nb5 48. Kb3 Nd4+ 49. Ka4 Ne2 50. Bd3 Nc3+ 51. Kb3 Kd4 52. Bc2 c5 53. Rf8 c4+ 54. Kb2 Nd5 55. Rd8 Kc5+ 56. Kb1 b3 57.
Bg6 Nc3+ 58. Kc1 Kb4 59. Re8 Bd4 60. Kd2 Nb5 61. Rb8 c3+ 62. Kc1 Be5 63. Rb7 Bf6 64. Bd3 Bg5+ 65. Kd1 c2+ 66. Bxc2 bxc2+ 67. Kxc2 Kc5 68.
Rh7 Nd4+ 69. Kd3 Ne6 70. Ke4 Kd6 71. Kf5 Nd4+ 72. Kg6 Ke5 73. h4 Bc1 74. g4 Nf3 75. Rxh6 Bxh6 76. Kxh6 Nxh4 77. Kh5 Nf3 78. g5 Nxg5 1/2-1/2

[Event "*** SCC Grand Prix: Titled Tuesday Blitz"]
[Site "Chess.com"]
[Date "2020.08.04"]
[Round "10"]
[White "VladaSviridova"]
[Black "ChessSwole"]
[Result "1-0"]
[WhiteElo "2213"]
[BlackElo "2373"]
[TimeControl "180+1"]
[EndTime "15:41:19 PDT"]
[Termination "VladaSviridova won by resignation"]

1. d4 Nf6 2. c4 e6 3. Nf3 d5 4. Nc3 dxc4 5. e4 b5 6. e5 Nd5 7. Nxb5 Nb6 8. Be2 Bb7 9. O-O Be7 10. Be3 Nc6 11. Rc1 Nb4 12. a3 a6 13. Nc3 N4d5 14.
Qd2 O-O 15. Rfd1 f5 16. exf6 Bxf6 17. Ne4 Nxe3 18. Qxe3 Bd5 19. Ne5 Bxe5 20. dxe5 Qe8 21.
Ng3 Qc6 22. Bf1 Qb5 23. b4 a5 24. Qc5 c6 25. f3 axb4 26. axb4 Na4 27. Qxb5 cxb5 28. Ne2 Nb2 29. Rd2 Nd3 30. Rb1 Bc6 31. Nd4 Nxe5 32. Nxc6 Nxc6 33. Rd6 Ra6 34. Re1 Nxb4 35.
Rxa6 Nxa6 36. Rxe6 Rf6 37. Re8+ Kf7 38. Rc8 h6 39.
Kf2 Rf5 40. g4 Rc5 41. Ra8 Nb4 42. Rb8 Nc6 43. Rb7+ Kg6 44. Ke3 c3 45. Rb6 Kf7 46. Bd3 b4 47. h4 c2 48. Bxc2 Rxc2 49. g5 hxg5 50. hxg5 Kg6 51. f4 Kf5 52. Rb7 g6 53. Rb5+ Kg4 54. Rb6 Rc3+ 55. Kd2 Kxf4 56. Rb5 Nd4 57. Rxb4 Rc2+ 58. Kd3 Rg2 59. Rxd4+ Kf5 60.
Ke3 Kxg5 61. Kf3 Ra2 62. Kg3 Ra3+ 63. Kg2 Kf5 64. Rd5+ Ke4 65. Rb5 Kf4 66. Rb4+ Kg5 67. Rb5+ Kh4 68. Rb4+ Kh5 69. Rb5+ g5 70. Rb4 Rd3 71.
Rc4 Re3 72. Rd4 g4 73. Rc4 Kh4 74. Rc2 Ra3 75. Rb2 Rg3+ 76. Kh2 Rh3+ 77. Kg2 Rc3 78. Kh2 Kg5 79. Kg2 Kf4 80. Ra2 Rc4 81. Rb2 g3 82.
Ra2 Kg4 83. Rb2 Rf4 84. Ra2 Kh4 85. Rb2 Rg4 86. Ra2 Kg5 87. Ra5+ Kh4 88. Ra3 Rd4 89. Ra2 Kg4 90. Rb2 Kf4 91. Ra2 Ke3 92. Ra3+ Kf4 93. Ra2 Rd3 94. Rb2 Ke3 95. Ra2 Kd4 96. Ra4+ Ke3 97.
Ra2 Rb3 98. Rc2 Kd3 99. Ra2 Rc3 100. Kxg3 Kc4+ 101. Kf4 Kb3 102. Ra8 Rc4+ 103. Ke3 Rh4 104. Kd3 Rh3+ 105. Kd4 Kb4 106. Kd5 Kb5 107. Rb8+ Ka6 108. Kc5 Rh5+ 109. Kc6 Ka7 110. Rb7+ Ka6 111. Rb1 Rh6+ 112. Kc5 Ka7 113. Kd5 Rh5+ 114. Kc6 Rh2 115. Kc7 Rc2+ 116. Kd6 Ka6 117. Kd5 Ka5 118. Kd4 Ka4 119. Kd3 Rc8 120. Rb7 Ka3 121. Rb6 Rd8+ 122. Kc3 Rc8+ 123. Kd3 Ka4 124. Kd2 Ka5 125. Rb7 Rd8+ 126. Kc3 Ka6 127. Rb1 Rc8+ 128. Kd4 Rc2 129. Kd5 Ka5 130. Kd6 Ka4 131. Kd5 Ka3 132. Kd4 Ka2 133. Rb8 Rc8 134. Rxc8 1-0